[Event "Titled Tuesday Blitz May 23 Early 2023"]
[White "Camilla_Lee"]
[Black "Belov, Alexei"]
[BlackFideId "4128206"]
[WhiteElo "2673"]
[BlackElo "2492"]
[Result "1/2-1/2"]
[Round "07"]
[TimeControl "180+2"]
[Date "2023.05.23"]
[WhiteClock "0:00:11"]
[BlackClock "0:00:15"]

1. e4 e6 2. d4 d5 3. e5 c5 4. c3 Qb6 5. Nf3 Nc6 6. a3 Bd7 7. b4 cxd4 8. cxd4 Rc8 9. Bb2 Na5 10. Bc3 Nc4 11. Bd3 Nh6 12. O-O Be7 13. Nbd2 Nxd2 14. Qxd2 Bb5 15. a4 Bxd3 16. Qxd3 O-O 17. a5 Qc6 18. Rfc1 Qc4 19. Qxc4 Rxc4 20. Nd2 Rc7 21. Nb3 Rfc8 22. Bd2 Nf5 23. b5 Rc4 24. g4 Nh4 25. Be3 Kf8 26. Kf1 Ke8 27. Ke2 Kd8 28. Rxc4 Rxc4 29. a6 b6 30. Nc5 Ng2 31. Kd3 Nxe3 32. fxe3 Bxc5 33. dxc5 Rxc5 34. Rb1 Rc4 35. h3 h6 36. Rb2 Kd7 37. Rb1 Ke7 38. Rb2 Kd7 39. Rb1 Re4 40. Rf1 Ke7 41. Rc1 Kd7 42. Rf1 Ke8 43. Rc1 Kd7 44. Rf1 1/2-1/2


[Site "https://www.chess.com"]

[Event "Titled Tuesday Blitz May 23 Early 2023"]
[White "Flynn, Jacob"]
[Black "Mendez Fortes, Eduardo Jesus"]
[WhiteFideId "2509393"]
[BlackFideId "3502376"]
[WhiteElo "2053"]
[BlackElo "2307"]
[Result "1-0"]
[Round "07"]
[TimeControl "180+2"]
[Date "2023.05.23"]
[WhiteClock "0:01:06"]
[BlackClock "0:01:57"]

1. d4 Nf6 2. c4 e6 3. Nc3 Bb4 4. Qc2 O-O 5. Nf3 d5 6. cxd5 exd5 7. Bf4 c5 8. e3 Nbd7 9. Bd3 c4 10. Bf5 g6 11. Bxd7 Bxd7 12. h3 b5 13. O-O Bf5 14. Qe2 Bxc3 15. bxc3 Ne4 16. Rfc1 g5 17. Bh2 g4 18. hxg4 Bxg4 19. Qb2 a6 20. Ne5 Be6 21. f3 Nd6 22. g4 Rc8 23. Bf4 f5 24. g5 Nf7 25. Nxf7 Bxf7 26. Qh2 Rc6 27. Kf2 Re8 28. Rh1 Bg6 29. Qh6 Rce6 30. Be5 Rxe5 31. dxe5 f4 32. exf4 Qb6+ 33. Kg3 Rf8 34. Rhe1 d4 35. e6 dxc3 36. Rad1 c2 37. Rd7 Bf7 1-0


[Site "https://www.chess.com"]

[Event "Titled Tuesday Blitz May 23 Early 2023"]
[White "Goncalves, Davi Sulzbacher"]
[Black "Schnaider, Ilan"]
[WhiteFideId "2154510"]
[BlackFideId "169013"]
[WhiteElo "2182"]
[BlackElo "2224"]
[Result "0-1"]
[Round "07"]
[TimeControl "180+2"]
[Date "2023.05.23"]
[WhiteClock "0:00:00"]
[BlackClock "0:01:33"]

1. Nf3 Nf6 2. g3 g6 3. Bg2 Bg7 4. O-O O-O 5. c4 d5 6. cxd5 Nxd5 7. Nc3 Nc6 8. d4 e5 9. Nxd5 e4 10. Bf4 Qxd5 11. Ne5 Nxd4 12. e3 Bxe5 13. Bxe5 Nf3+ 14. Bxf3 Qxe5 15. Bg2 Be6 16. Qa4 f5 17. Rfc1 Rfd8 18. Qb4 b6 19. Qe7 Rd7 20. Qg5 Kg7 21. Rc2 h6 22. Qf4 Qxf4 23. gxf4 Rad8 24. Bf1 c5 25. Bc4 Kf6 26. Kg2 Rd2 27. Rac1 Bxc4 28. Rxd2 Rxd2 29. Rxc4 Rxb2 30. a4 Rb4 0-1


[Site "https://www.chess.com"]

[Event "Titled Tuesday Blitz May 23 Early 2023"]
[White "koncheto"]
[Black "Barbot, Pierre"]
[BlackFideId "663727"]
[WhiteElo "2610"]
[BlackElo "2431"]
[Result "1-0"]
[Round "07"]
[TimeControl "180+2"]
[Date "2023.05.23"]
[WhiteClock "0:00:26"]
[BlackClock "0:00:00"]

1. e4 c6 2. d4 d5 3. Nc3 dxe4 4. Nxe4 Nf6 5. Nxf6+ exf6 6. c3 Bd6 7. Bd3 O-O 8. Ne2 Re8 9. O-O Nd7 10. Ng3 g6 11. Ne4 Be7 12. Bf4 Nf8 13. Qf3 f5 14. Nd2 Ne6 15. Be5 Bf6 16. Bxf6 Qxf6 17. Rfe1 Bd7 18. Nc4 Ng5 19. Qf4 Ne6 20. Qd6 Qe7 21. Qg3 f4 22. Qg4 h5 23. Qe2 Rad8 24. g3 Qg5 25. Qf3 Bc8 26. Re5 Qf6 27. Rae1 Rf8 28. Nd2 c5 29. Ne4 Qg7 30. Nxc5 Nxc5 31. Rxc5 fxg3 32. fxg3 b6 33. Rc7 Be6 34. Rxa7 Bg4 35. Qf4 Rde8 36. Rxe8 Rxe8 37. Bc4 Rf8 38. Rb7 g5 39. Qd6 h4 40. Rxb6 hxg3 41. Qxg3 1-0


[Site "https://www.chess.com"]

[Event "Titled Tuesday Blitz May 23 Early 2023"]
[White "Andreev, Konstantin"]
[Black "Ambartsumova, Karina"]
[WhiteFideId "24239305"]
[BlackFideId "4166299"]
[WhiteElo "2106"]
[BlackElo "2240"]
[Result "1-0"]
[Round "07"]
[TimeControl "180+2"]
[Date "2023.05.23"]
[WhiteClock "0:00:41"]
[BlackClock "0:00:01"]

1. e4 c5 2. Nf3 e6 3. d4 cxd4 4. Nxd4 a6 5. Bd3 Bc5 6. Nb3 Ba7 7. Nc3 Nc6 8. O-O Nf6 9. Kh1 d6 10. f4 O-O 11. Qf3 e5 12. f5 h6 13. Bd2 b5 14. Nd5 Nd4 15. Nxd4 Bxd4 16. c3 Ba7 17. Qg3 Kh8 18. Rae1 Bb7 19. Nxf6 Qxf6 20. h4 d5 21. exd5 Bxd5 22. Bg5 hxg5 23. hxg5 Qc6 24. g6 fxg6 25. fxg6 Bxg2+ 26. Qxg2 Qxg2+ 27. Kxg2 Rxf1 28. Rxf1 Kg8 29. Bf5 Rd8 30. Be6+ Kh8 31. Rh1# 1-0


[Site "https://www.chess.com"]

[Event "Titled Tuesday Blitz May 23 Early 2023"]
[White "Kiremitciyan, Ari"]
[Black "Ljukin, Sergei"]
[WhiteFideId "6373445"]
[BlackFideId "14102200"]
[WhiteElo "2181"]
[BlackElo "2312"]
[Result "0-1"]
[Round "07"]
[TimeControl "180+2"]
[Date "2023.05.23"]
[WhiteClock "0:00:00"]
[BlackClock "0:01:24"]

1. e4 e6 2. d4 d5 3. Nc3 Bb4 4. exd5 exd5 5. Bd3 Nf6 6. Qf3 c5 7. a3 Bxc3+ 8. bxc3 c4 9. Be2 O-O 10. Bg5 Nbd7 11. Nh3 Qa5 12. O-O Ne4 13. Be7 Re8 14. Bb4 Qc7 15. Nf4 Ndf6 16. Rfe1 a5 17. Bc5 b6 18. Nxd5 Nxd5 19. Bxc4 Ndf6 20. Bd3 Bb7 21. Bxb6 Qxb6 22. Rab1 Qc7 0-1


[Site "https://www.chess.com"]

[Event "Titled Tuesday Blitz May 23 Early 2023"]
[White "Pham, Le Thao Nguyen"]
[Black "Lopez Mulet, Inigo"]
[WhiteFideId "12401226"]
[BlackFideId "22235620"]
[WhiteElo "2286"]
[BlackElo "2289"]
[Result "1-0"]
[Round "07"]
[TimeControl "180+2"]
[Date "2023.05.23"]
[WhiteClock "0:00:16"]
[BlackClock "0:00:18"]

1. d4 d6 2. Nf3 Nf6 3. g3 h5 4. h4 Bg4 5. Bg2 c6 6. c3 Nbd7 7. O-O e5 8. Bg5 Be7 9. Nbd2 e4 10. Nh2 d5 11. Re1 Nh7 12. Bxe7 Qxe7 13. f3 Bf5 14. fxe4 Bxe4 15. Nxe4 dxe4 16. Qd2 f5 17. Qf4 O-O 18. e3 Nb6 19. Bf1 a5 20. c4 a4 21. Be2 g6 22. Rad1 Kg7 23. d5 cxd5 24. cxd5 Rfd8 25. d6 Qe6 26. Rd4 Ra5 27. Red1 Rd7 28. Qf2 Qxa2 29. Rb4 Nd5 30. Bc4 Nxb4 31. Bxa2 Nxa2 32. Qc2 Nf6 33. Qc4 b5 34. Qxa2 b4 35. Nf1 Ra6 36. Rd4 b3 37. Qa3 Kf7 38. Nd2 Ke6 39. Nxb3 Raxd6 40. Nc5+ Ke5 41. Nxd7+ Rxd7 42. Rxd7 Nxd7 43. Qe7+ 1-0


[Site "https://www.chess.com"]

[Event "Titled Tuesday Blitz May 23 Early 2023"]
[White "Fiorito, Joaquin"]
[Black "Zavortink, Matt"]
[WhiteFideId "180173"]
[BlackFideId "2034263"]
[WhiteElo "2157"]
[BlackElo "2471"]
[Result "1-0"]
[Round "07"]
[TimeControl "180+2"]
[Date "2023.05.23"]
[WhiteClock "0:00:21"]
[BlackClock "0:00:17"]

1. d4 d5 2. c4 c6 3. Nc3 Nf6 4. e3 e6 5. Nf3 a6 6. b3 Bb4 7. Bd2 Nbd7 8. Bd3 O-O 9. O-O Bd6 10. e4 dxc4 11. bxc4 e5 12. d5 Nc5 13. Bc2 Bg4 14. Be3 Qe7 15. Rb1 Rab8 16. a4 Rfd8 17. h3 Bh5 18. g4 Bg6 19. Nd2 h5 20. f3 Nh7 21. Qe2 Qh4 22. Qg2 Be7 23. Bf2 Qg5 24. Rfd1 h4 25. Nf1 Qf6 26. Ne3 Ng5 27. Nf5 Bxf5 28. gxf5 Qh6 29. Kh1 Qh5 30. d6 Rxd6 31. Bxc5 Rxd1+ 32. Bxd1 Bxc5 33. f4 Qh7 34. fxg5 Bd4 35. Ne2 Be3 36. c5 Rd8 37. Bb3 Bxc5 38. Bxf7+ Kh8 39. Bg6 Qg8 40. Qg4 Bf2 41. Qh5+ 1-0


[Site "https://www.chess.com"]

[Event "Titled Tuesday Blitz May 23 Early 2023"]
[White "merinasian"]
[Black "Bodnaruk, Anastasia"]
[BlackFideId "4181751"]
[WhiteElo "2470"]
[BlackElo "2304"]
[Result "1-0"]
[Round "07"]
[TimeControl "180+2"]
[Date "2023.05.23"]
[WhiteClock "0:00:39"]
[BlackClock "0:00:00"]

1. d4 Nf6 2. Nf3 g6 3. g3 Bg7 4. Bg2 O-O 5. O-O d5 6. c4 c6 7. Nbd2 a5 8. b3 a4 9. Bb2 b5 10. Ne5 dxc4 11. bxc4 Ra6 12. Rc1 b4 13. e3 Nfd7 14. Nd3 c5 15. Ne4 Ra7 16. Nexc5 Nxc5 17. Nxc5 a3 18. Ba1 Nd7 19. Nd3 Qa5 20. Qb3 Ba6 21. Qxb4 Qc7 22. Qxe7 Rb8 23. Bd5 Nf6 24. Bxf7+ Kh8 25. Qxc7 Rxc7 26. Be6 Ne4 27. Ne5 Nd2 28. Nf7+ 1-0


[Site "https://www.chess.com"]

[Event "Titled Tuesday Blitz May 23 Early 2023"]
[White "Shubenkova, Veronika"]
[Black "Kim, Sergey"]
[WhiteFideId "44124040"]
[BlackFideId "13700570"]
[WhiteElo "2060"]
[BlackElo "2570"]
[Result "1-0"]
[Round "07"]
[TimeControl "180+2"]
[Date "2023.05.23"]
[WhiteClock "0:01:25"]
[BlackClock "0:00:42"]

1. e4 e5 2. Nf3 Nc6 3. Bb5 a6 4. Bxc6 dxc6 5. O-O f6 6. d4 exd4 7. e5 Bg4 8. Re1 Be7 9. h3 Bh5 10. g4 Bg6 11. Nh4 Qd5 12. Bf4 O-O-O 13. Nf3 fxe5 14. Nxe5 Bf6 15. Nd2 Ne7 16. g5 Bxe5 17. Rxe5 Qd7 18. Nb3 Nd5 19. Qxd4 Qxh3 20. Bg3 Nb6 21. Qf4 Nd5 22. Rxd5 1-0


[Site "https://www.chess.com"]

[Event "Titled Tuesday Blitz May 23 Early 2023"]
[White "egorchess95"]
[Black "Pasti, Aron"]
[BlackFideId "785857"]
[WhiteElo "2560"]
[BlackElo "2173"]
[Result "1-0"]
[Round "07"]
[TimeControl "180+2"]
[Date "2023.05.23"]
[WhiteClock "0:00:59"]
[BlackClock "0:00:19"]

1. e4 e5 2. Nf3 Nc6 3. Bb5 a6 4. Ba4 Nf6 5. O-O Be7 6. Re1 b5 7. Bb3 d6 8. c3 Bg4 9. h3 Bh5 10. d4 exd4 11. cxd4 Bxf3 12. gxf3 Qd7 13. Kg2 O-O 14. Nc3 Rfe8 15. f4 Bf8 16. e5 dxe5 17. dxe5 Qe7 18. Be3 Nd7 19. Nd5 Qd8 20. Rc1 Ndb8 21. Qg4 Kh8 22. Red1 Qc8 23. Qxc8 Rxc8 24. Bb6 Nd7 25. Bxc7 Na7 26. Nb6 Nxb6 27. Bxb6 Rxc1 28. Rxc1 Nc8 29. Bd5 Rb8 30. Bc7 1-0


[Site "https://www.chess.com"]

[Event "Titled Tuesday Blitz May 23 Early 2023"]
[White "Han, Yichen"]
[Black "Avazkhonov, Alikhon"]
[WhiteFideId "1054430"]
[BlackFideId "14208504"]
[WhiteElo "2342"]
[BlackElo "1739"]
[Result "1-0"]
[Round "07"]
[TimeControl "180+2"]
[Date "2023.05.23"]
[WhiteClock "0:00:44"]
[BlackClock "0:00:00"]

1. d4 Nf6 2. c4 e6 3. g3 Bb4+ 4. Nd2 O-O 5. Bg2 d5 6. Nf3 b6 7. O-O Bb7 8. a3 Be7 9. cxd5 exd5 10. b4 Nbd7 11. Bb2 c5 12. bxc5 bxc5 13. dxc5 Nxc5 14. Nd4 Nfe4 15. Nxe4 dxe4 16. Nf5 Bf6 17. Qxd8 Rfxd8 18. Bxf6 gxf6 19. Rac1 Nb3 20. Rb1 Bc8 21. Ne7+ Kf8 22. Nc6 Be6 23. Nxd8 Rxd8 24. Rfd1 Rxd1+ 25. Rxd1 f5 26. f3 exf3 27. Bxf3 Nc5 28. Bd5 Ke7 29. Bxe6 fxe6 30. Rc1 Kd6 31. Rb1 a5 32. Rb5 a4 33. Rb8 Ne4 34. Rh8 Nc3 35. Rxh7 Nb1 36. Ra7 Nxa3 37. Rxa4 Nc2 38. Kf2 e5 39. e3 e4 40. h4 1-0


[Site "https://www.chess.com"]

[Event "Titled Tuesday Blitz May 23 Early 2023"]
[White "Mouhamad, Joachim"]
[Black "Bruedigam, Martin"]
[WhiteFideId "656410"]
[BlackFideId "24608033"]
[WhiteElo "2125"]
[BlackElo "2331"]
[Result "0-1"]
[Round "07"]
[TimeControl "180+2"]
[Date "2023.05.23"]
[WhiteClock "0:00:00"]
[BlackClock "0:00:19"]

1. e4 c6 2. d4 d5 3. Nc3 dxe4 4. Nxe4 Bf5 5. Ng3 Bg6 6. h4 h6 7. Nf3 Nd7 8. h5 Bh7 9. Bd3 Bxd3 10. Qxd3 e6 11. Bd2 Ngf6 12. O-O-O Be7 13. Kb1 O-O 14. Ne4 Nxe4 15. Qxe4 Nf6 16. Qe2 Qd5 17. Be3 Qb5 18. c4 Qf5+ 19. Ka1 a5 20. Ne5 c5 21. g4 Qh7 22. f3 cxd4 23. Bxd4 a4 24. a3 Rfc8 25. Bc3 Rc7 26. Rhe1 Ra6 27. f4 Rd6 28. Ng6 Rxd1+ 29. Rxd1 fxg6 30. Qxe6+ Kf8 31. Bb4 gxh5 32. f5 hxg4 33. Bd6 Rd7 34. Bxe7+ Rxe7 35. Rd8+ Ne8 36. Qd5 Qg8 0-1


[Site "https://www.chess.com"]

[Event "Titled Tuesday Blitz May 23 Early 2023"]
[White "surrenderPLS"]
[Black "Srdanovic, Jovana"]
[BlackFideId "954810"]
[WhiteElo "2549"]
[BlackElo "2169"]
[Result "0-1"]
[Round "07"]
[TimeControl "180+2"]
[Date "2023.05.23"]
[WhiteClock "0:01:55"]
[BlackClock "0:02:22"]

1. e4 c5 2. Nf3 e6 3. d4 cxd4 4. Nxd4 a6 5. Bd3 Bc5 6. Nb3 Be7 7. O-O d6 8. c4 Nf6 9. Nc3 O-O 10. Qe2 Qc7 11. f4 Nbd7 12. g4 Nc5 13. Nxc5 dxc5 14. e5 Ne8 15. g5 g6 16. h4 Ng7 17. Ne4 Bd7 18. Ng3 Bc6 19. h5 Rad8 20. Be3 Rd7 21. Rad1 Rfd8 22. b3 b5 23. Kf2 Qb7 24. hxg6 hxg6 25. Be4 Bxe4 26. Rxd7 Rxd7 27. Nxe4 Qxe4 0-1


[Site "https://www.chess.com"]

[Event "Titled Tuesday Blitz May 23 Early 2023"]
[White "Tologon tegin, Semetei"]
[Black "Bilan, Danila"]
[WhiteFideId "13800574"]
[BlackFideId "24161918"]
[WhiteElo "2247"]
[BlackElo "2182"]
[Result "1/2-1/2"]
[Round "07"]
[TimeControl "180+2"]
[Date "2023.05.23"]
[WhiteClock "0:00:09"]
[BlackClock "0:00:04"]

1. Nf3 d5 2. e3 Nf6 3. d4 c5 4. Bd3 Nc6 5. O-O Bg4 6. c3 e6 7. Nbd2 Bd6 8. dxc5 Bxc5 9. e4 dxe4 10. Nxe4 Nxe4 11. Bxe4 Qxd1 12. Rxd1 f5 13. Bxc6+ bxc6 14. Bf4 Bxf3 15. gxf3 Rd8 16. Be5 Kf7 17. b4 Be7 18. Kf1 Rd5 19. f4 Rhd8 20. Ke2 g5 21. Rxd5 cxd5 22. fxg5 Bxg5 23. a4 Rc8 24. Kd3 Bf6 25. Bxf6 Kxf6 26. b5 Ke5 27. a5 Kd6 28. Ra4 Rb8 29. c4 Kc5 30. cxd5 Kxd5 31. Rb4 Kc5 32. Rc4+ Kd5 33. Rc7 Rxb5 34. Rxa7 Rb3+ 35. Ke2 Ra3 36. a6 Ke4 37. Rxh7 Rxa6 38. Kf1 Kf3 39. Rh3+ Kf4 40. Kg2 e5 41. Rf3+ Ke4 42. h4 Rg6+ 43. Rg3 Rh6 44. Rh3 Kf4 45. f3 Rh5 46. Kf2 Rh7 47. Ke2 Rh6 48. Kf2 Rh5 49. Ke2 Rh7 50. Kf2 Rh8 51. Ke2 Rh6 52. Kf2 Rh5 53. Ke2 e4 54. fxe4 fxe4 55. Rh1 Kg4 56. Ke3 Rxh4 57. Rxh4+ Kxh4 58. Kxe4 1/2-1/2


[Site "https://www.chess.com"]

[Event "Titled Tuesday Blitz May 23 Early 2023"]
[White "Wadsworth, Matthew J"]
[Black "Gurevich, Dmitry"]
[WhiteFideId "415804"]
[BlackFideId "2000407"]
[WhiteElo "2347"]
[BlackElo "2506"]
[Result "1-0"]
[Round "07"]
[TimeControl "180+2"]
[Date "2023.05.23"]
[WhiteClock "0:00:02"]
[BlackClock "0:00:00"]

1. Nf3 Nf6 2. g3 g6 3. Bg2 Bg7 4. O-O O-O 5. c4 c5 6. d4 d6 7. Nc3 Nc6 8. dxc5 dxc5 9. Be3 Qa5 10. Qb3 Ng4 11. Bd2 Qb4 12. Qxb4 cxb4 13. Na4 Rd8 14. Rad1 Bd7 15. b3 b6 16. h3 Nge5 17. Nxe5 Bxe5 18. Bxb4 Be8 19. Ba3 Rab8 20. e3 a6 21. Nb2 b5 22. cxb5 axb5 23. Nd3 Bc3 24. Bxc6 Bxc6 25. Bxe7 Rd7 26. Nb4 Rxd1 27. Rxd1 Bf3 28. Rc1 Bb2 29. Rc2 Ba1 30. Nc6 Re8 31. Bc5 f5 32. Bd4 Be4 33. Rc1 Bxd4 34. Nxd4 Ra8 35. Nxb5 1-0


[Site "https://www.chess.com"]

[Event "Titled Tuesday Blitz May 23 Early 2023"]
[White "Toktomushev, Teimur"]
[Black "Toncheva, Nadya"]
[WhiteFideId "14176726"]
[BlackFideId "2924056"]
[WhiteElo "2116"]
[BlackElo "2101"]
[Result "0-1"]
[Round "07"]
[TimeControl "180+2"]
[Date "2023.05.23"]
[WhiteClock "0:00:00"]
[BlackClock "0:00:37"]

1. d4 d5 2. c4 dxc4 3. e3 Nf6 4. Bxc4 e6 5. Nf3 a6 6. O-O c5 7. Nc3 b5 8. Bb3 c4 9. Bc2 Bb7 10. a3 Be7 11. e4 O-O 12. Qe2 Nc6 13. Rd1 Re8 14. Bg5 h6 15. Bxf6 Bxf6 16. e5 Be7 17. Qe4 g6 18. d5 Na5 19. Qg4 h5 20. Qg3 exd5 21. e6 Qd6 22. exf7+ Kxf7 23. Ne5+ Kg7 24. Bxg6 h4 25. Qg4 Qxe5 26. Bxe8+ Qg5 27. Qd7 Rd8 28. Qc7 d4 0-1


[Site "https://www.chess.com"]

[Event "Titled Tuesday Blitz May 23 Early 2023"]
[White "Kovalevsky, Stanislav"]
[Black "Degenbaev, Aziz"]
[WhiteFideId "13508598"]
[BlackFideId "13802640"]
[WhiteElo "2174"]
[BlackElo "2152"]
[Result "0-1"]
[Round "07"]
[TimeControl "180+2"]
[Date "2023.05.23"]
[WhiteClock "0:00:05"]
[BlackClock "0:00:11"]

1. c4 Nf6 2. Nc3 g6 3. g3 Bg7 4. Bg2 c5 5. a3 O-O 6. Rb1 Nc6 7. b4 cxb4 8. axb4 a6 9. Nf3 Rb8 10. b5 axb5 11. Nxb5 d6 12. O-O Bf5 13. d3 Qd7 14. Re1 Bh3 15. Bh1 h5 16. Bg5 Nh7 17. Qd2 Nxg5 18. Qxg5 Bf6 19. Qf4 Kg7 20. Ng5 e5 21. Qe3 Bf5 22. Ne4 Be7 23. Nec3 h4 24. Nd5 hxg3 25. hxg3 Rh8 26. f3 Rxh1+ 27. Kxh1 Bxd3 28. Kg2 Bxb1 29. Rxb1 Rh8 30. Rg1 Qh3+ 31. Kf2 Qh2+ 32. Rg2 Qh1 33. Nxe7 Rh2 34. Rxh2 Qxh2+ 35. Ke1 Qxg3+ 36. Kd2 Nxe7 37. Nxd6 Nf5 38. Nxf5+ gxf5 39. c5 Kf6 40. Qd3 Qf4+ 41. Kd1 Qa4+ 42. Ke1 Qb4+ 43. Kf2 Qxc5+ 44. Kg2 Kg6 45. Qd8 Qd4 46. Qg8+ Kf6 47. Qh8+ Ke7 48. Qe8+ Kxe8 0-1


[Site "https://www.chess.com"]

[Event "Titled Tuesday Blitz May 23 Early 2023"]
[White "Fantinel, Thibault"]
[Black "Pinto, Daniel"]
[WhiteFideId "663395"]
[BlackFideId "3303144"]
[WhiteElo "2316"]
[BlackElo "2145"]
[Result "1-0"]
[Round "07"]
[TimeControl "180+2"]
[Date "2023.05.23"]
[WhiteClock "0:01:08"]
[BlackClock "0:00:02"]

1. c4 c5 2. g3 Nc6 3. Bg2 g6 4. Nc3 Bg7 5. d3 e5 6. Nf3 Nge7 7. Nd2 O-O 8. Nf1 Rb8 9. Bg5 f6 10. Bd2 a6 11. Ne3 b5 12. b3 bxc4 13. bxc4 d6 14. O-O Be6 15. Qa4 Nd4 16. Rfe1 f5 17. Ned5 Nxd5 18. Nxd5 Bd7 19. Qxa6 Nc2 20. Qxd6 Nxe1 21. Rxe1 Rf7 22. Bc3 Qf8 23. Bxe5 Qxd6 24. Bxd6 Rb2 25. Bxc5 Rxa2 26. Bf3 h5 27. h4 Kh7 28. Rb1 Bc6 29. Nb4 Bxf3 30. Nxa2 Bxe2 31. Nc1 Bf3 32. Be3 Rd7 33. Rb3 Rc7 34. c5 Bf8 35. d4 Bd5 36. Rb1 Bg7 37. Nd3 Ra7 38. Nf4 Be4 39. Rc1 Bf8 40. c6 Bd6 41. d5 Ra2 42. c7 Bxc7 43. Rxc7+ Kg8 44. Rc1 Kf8 45. Nxg6+ Ke8 46. Nf4 Kd7 47. Nxh5 Bxd5 48. Nf4 1-0


[Site "https://www.chess.com"]

[Event "Titled Tuesday Blitz May 23 Early 2023"]
[White "Golubev, Mikhail"]
[Black "gueraumasague"]
[WhiteFideId "14100983"]
[WhiteElo "2374"]
[BlackElo "2533"]
[Result "0-1"]
[Round "07"]
[TimeControl "180+2"]
[Date "2023.05.23"]
[WhiteClock "0:00:00"]
[BlackClock "0:00:07"]

1. e4 g6 2. d4 Bg7 3. c4 d6 4. Nc3 Nc6 5. d5 Nd4 6. Be3 c5 7. Nge2 Nxe2 8. Bxe2 Nf6 9. O-O O-O 10. f4 e6 11. dxe6 fxe6 12. Bf3 Qb6 13. Rb1 Ne8 14. Qd3 Bd4 15. Kh1 Bd7 16. b3 Nf6 17. Na4 Qc7 18. Bxd4 cxd4 19. Qxd4 Bxa4 20. bxa4 e5 21. Qd2 exf4 22. e5 dxe5 23. Rxb7 Qc5 24. Rb5 Qxc4 25. Rc1 Rad8 26. Qe1 Qxa4 27. Rxe5 Rfe8 28. h3 Qa3 29. Rxe8+ Rxe8 30. Qd2 Re7 31. Rc6 Kf7 32. Qd4 Re1+ 33. Kh2 Qe7 0-1


[Site "https://www.chess.com"]

[Event "Titled Tuesday Blitz May 23 Early 2023"]
[White "cristianserban1"]
[Black "GMFYHR1"]
[WhiteElo "2531"]
[BlackElo "2418"]
[Result "0-1"]
[Round "07"]
[TimeControl "180+2"]
[Date "2023.05.23"]
[WhiteClock "0:01:28"]
[BlackClock "0:01:43"]

1. d4 Nf6 2. Bf4 e6 3. e3 d5 4. Nf3 c5 5. Nbd2 Bd6 6. dxc5 Bxc5 7. c4 O-O 8. Be2 Nc6 9. O-O Re8 10. Ne5 Bd6 11. Nxc6 bxc6 12. Bxd6 Qxd6 13. Qc2 e5 14. Rfd1 e4 15. cxd5 cxd5 16. Bb5 Bd7 17. Bxd7 Qxd7 18. Nb3 Qg4 19. Nd4 Rac8 20. Qd2 Qh4 21. h3 Qg5 22. Rdc1 Nd7 23. b4 Ne5 24. Rxc8 Rxc8 25. Rc1 Rd8 26. Nc6 Nf3+ 0-1


[Site "https://www.chess.com"]

[Event "Titled Tuesday Blitz May 23 Early 2023"]
[White "Filipascu"]
[Black "Fernandez Siles, Luis"]
[BlackFideId "2209420"]
[WhiteElo "2525"]
[BlackElo "2195"]
[Result "1-0"]
[Round "07"]
[TimeControl "180+2"]
[Date "2023.05.23"]
[WhiteClock "0:01:35"]
[BlackClock "0:00:12"]

1. c4 Nf6 2. Nc3 g6 3. e4 d6 4. d4 Bg7 5. Nf3 O-O 6. h3 c5 7. d5 e6 8. Bd3 Na6 9. O-O Nc7 10. Re1 a6 11. a4 Rb8 12. a5 exd5 13. exd5 b5 14. axb6 Rxb6 15. Qc2 Re8 16. Bf4 Rxe1+ 17. Rxe1 Nh5 18. Bg5 Bf6 19. Bh6 Bg7 20. Bg5 Bf6 21. Bc1 Bg7 22. Ne4 Nf6 23. Nxf6+ Qxf6 24. Bg5 Qxb2 25. Qxb2 Rxb2 26. Re7 Rb7 27. Bd2 Bf6 28. Re1 Rb2 29. Ba5 Bd8 30. Bxc7 Bxc7 31. Re8+ Kg7 32. Rxc8 Ba5 33. Ra8 Bc3 34. Rxa6 Rb1+ 35. Bxb1 1-0


[Site "https://www.chess.com"]

[Event "Titled Tuesday Blitz May 23 Early 2023"]
[White "Rodriguez Santiago, Jaime"]
[Black "Staudenhocker43"]
[WhiteFideId "3100898"]
[WhiteElo "2025"]
[BlackElo "2524"]
[Result "1/2-1/2"]
[Round "07"]
[TimeControl "180+2"]
[Date "2023.05.23"]
[WhiteClock "0:00:32"]
[BlackClock "0:00:29"]

1. c4 Nf6 2. Nc3 g6 3. g3 Bg7 4. Bg2 O-O 5. e4 d6 6. Nge2 c5 7. O-O Nc6 8. d3 Rb8 9. h3 a6 10. a4 Bd7 11. Be3 Ne8 12. d4 cxd4 13. Nxd4 Nc7 14. Rb1 Nxd4 15. Bxd4 Bxd4 16. Qxd4 b5 17. cxb5 axb5 18. axb5 Nxb5 19. Nxb5 Bxb5 20. Rfc1 Qb6 21. Qxb6 Rxb6 22. Rc7 e6 23. b4 Rfb8 24. f4 Kf8 25. f5 gxf5 26. exf5 exf5 27. Bd5 Be8 28. Rf1 Rxb4 29. Rxf5 Rb1+ 30. Kf2 R8b2+ 31. Ke3 Re1+ 32. Kd3 Re5 33. Rxe5 dxe5 34. Ke4 Re2+ 35. Kf5 Kg7 36. Re7 Kf8 37. Rc7 Kg7 38. Re7 Kf8 39. Rc7 1/2-1/2


[Site "https://www.chess.com"]

[Event "Titled Tuesday Blitz May 23 Early 2023"]
[White "Sukandar, Irine Kharisma"]
[Black "Smith, Shreyas"]
[WhiteFideId "7101937"]
[BlackFideId "7400713"]
[WhiteElo "2315"]
[BlackElo "2151"]
[Result "1-0"]
[Round "07"]
[TimeControl "180+2"]
[Date "2023.05.23"]
[WhiteClock "0:01:49"]
[BlackClock "0:00:00"]

1. c4 e6 2. Nc3 d5 3. cxd5 exd5 4. d4 a6 5. Nf3 c6 6. Qc2 Nf6 7. Bg5 Be6 8. e3 h6 9. Bh4 Bd6 10. Bd3 Nbd7 11. O-O O-O 12. a3 Re8 13. Rfe1 Qc7 14. Bg3 Bxg3 15. hxg3 Qd6 16. Ne2 Bg4 17. Nd2 Bxe2 18. Rxe2 h5 19. Bf5 Rad8 20. Rae1 g6 21. Bd3 Kg7 22. Nf3 Rh8 23. e4 dxe4 24. Bxe4 Nxe4 25. Rxe4 Nf6 26. Re7 1-0


[Site "https://www.chess.com"]

[Event "Titled Tuesday Blitz May 23 Early 2023"]
[White "Gutkin, Ilya"]
[Black "Yelisieiev, Yevhenii"]
[WhiteFideId "16203470"]
[BlackFideId "14139642"]
[WhiteElo "2265"]
[BlackElo "2403"]
[Result "0-1"]
[Round "07"]
[TimeControl "180+2"]
[Date "2023.05.23"]
[WhiteClock "0:00:05"]
[BlackClock "0:00:04"]

1. Nf3 d6 2. d4 Nf6 3. b3 Nbd7 4. Bb2 g6 5. g3 Bg7 6. Bg2 O-O 7. O-O Re8 8. Re1 Ne4 9. Nbd2 Ndf6 10. Nxe4 Nxe4 11. Nd2 Nxd2 12. Qxd2 e5 13. dxe5 Bxe5 14. Bxe5 Rxe5 15. c4 Qe7 16. e4 a5 17. f4 Rc5 18. Qd4 Bd7 19. h4 Bc6 20. Re3 Re8 21. Rae1 Qe6 22. Kh2 b5 23. cxb5 Bxb5 24. e5 Rd8 25. Rd1 Qf5 26. Qxc5 dxc5 27. Rxd8+ Kg7 28. Rd5 Qc2 29. Rd8 Bc6 30. Rc3 Qxg2# 0-1


[Site "https://www.chess.com"]

[Event "Titled Tuesday Blitz May 23 Early 2023"]
[White "Hamley, Ryan"]
[Black "Klepikov, Nikita"]
[WhiteFideId "30959497"]
[BlackFideId "24145220"]
[WhiteElo "2510"]
[BlackElo "2025"]
[Result "0-1"]
[Round "07"]
[TimeControl "180+2"]
[Date "2023.05.23"]
[WhiteClock "0:00:00"]
[BlackClock "0:01:05"]

1. d4 Nf6 2. c4 d6 3. Nc3 e5 4. Nf3 Nbd7 5. g3 g6 6. Bg2 Bg7 7. O-O O-O 8. e4 exd4 9. Nxd4 Re8 10. Re1 Nc5 11. h3 h6 12. b4 Ne6 13. Be3 Ng5 14. Bxg5 hxg5 15. Qd2 g4 16. h4 Nd7 17. Bf1 Ne5 18. Kg2 Nf3 19. Nxf3 gxf3+ 20. Kh2 Be5 21. Kg1 Kg7 22. Nd5 Rh8 23. Qe3 Bg4 24. Nf4 Rxh4 25. Bg2 fxg2 26. Nxg2 Rh7 27. Rac1 Qh8 28. f3 Bxg3 29. Qd4+ f6 30. Kf1 Bxf3 0-1


[Site "https://www.chess.com"]